 Dungeon Crawl Stone Soup version 0.30-b1-2-g02819fbbbe (webtiles) character file.

Game seed: 16716439720130913440

26213 sanka the Protected (level 12, -5/119 HPs)
             Began as an Armataur Hunter on May 16, 2023.
             Was a High Priest of Okawaru.
             Slain by a skyshark (20 damage)
             ... on level 4 of the Lair of Beasts.
             The game lasted 00:31:06 (14577 turns).

sanka the Protected (Armataur Hunter)              Turns: 14577, Time: 00:31:06

Health: -5/119     AC: 22    Str: 21    XL:     12   Next: 96%
Magic:  15/17      EV: 12    Int:  9    God:    Okawaru [*****.]
Gold:   866        SH:  0    Dex: 15    Spells: 11/11 levels left

rFire   . . .        a - +5 dire flail (protect)
rCold   + . .        (shield currently unavailable)
rNeg    . . .        Q - +0 steam dragon scales
rPois   +            y - +0 helmet
rElec   .            K - +0 cloak {rPois}
rCorr   +            j - +0 pair of gloves
SInv    .            (no barding)
Will    .....        u - amulet of regeneration
Stlth   +++          H - ring of resist corrosion
HPRegen 1.19/turn    P - ring of protection from cold
MPRegen 0.15/turn

%: roll
@: heroic, under a protective aura
A: large, rugged brown scales 3, deformed body, armoured tail, roll, long
tongue, awkward tongue
a: Renounce Religion, Heroism, Finesse, Duel


You were on level 4 of the Lair of Beasts.
You worshipped Okawaru.
Okawaru was extremely pleased with you.
You visited 3 branches of the dungeon, and saw 17 of its levels.
You also visited: Ossuary.

You collected 1119 gold pieces.
You spent 253 gold pieces at shops.

Inventory:

Hand Weapons
 a - a +5 dire flail of protection (weapon)
 b - the +8 arbalest "Lakus" {heavy, rN++ Str+9 Dex-3}
   (You took it off an orc on level 10 of the Dungeon)

   Str:       It affects your strength (+9).
   Dex:       It affects your dexterity (-3).
   rN:        It greatly protects you from negative energy.
 R - a +0 eveningstar
Missiles
 k - 14 javelins
 p - 2 throwing nets {=f}
 D - 4 curare-tipped darts {=f}
Armour
 j - a +0 pair of gloves (worn)
 r - the +1 leather armour of the Game of Kings {*Corrode rF++ Slay+3}
   (You found it on level 3 of the Dungeon)

   Slay:      It affects your accuracy & damage with ranged weapons and melee
   (+3).
   rF:        It greatly protects you from fire.
   *Corrode:  It may corrode you when you take damage.
 y - a +0 helmet (worn)
 K - a +0 cloak of poison resistance (worn)
 Q - +0 steam dragon scales (worn)
Jewellery
 u - an amulet of regeneration (around neck)
 v - a ring of flight
 H - a ring of resist corrosion (left hand)
 P - a ring of protection from cold (right hand)
 T - a ring of protection from cold
Wands
 d - a wand of roots (13) (quivered)
 t - a wand of paralysis (9)
 I - a wand of mindburst (11)
 N - a wand of digging (5)
 O - a wand of polymorph (10)
 S - a wand of light (5)
Scrolls
 g - 9 scrolls of teleportation {@r4}
 h - 5 scrolls of enchant weapon
 i - 10 scrolls of immolation {!r}
 l - a scroll of blinking
 m - 11 scrolls of noise {!r}
 n - 4 scrolls of magic mapping
 s - 3 scrolls of vulnerability {!r}
 x - 4 scrolls of fog
 z - 2 scrolls of fear
 C - a scroll of poison {!r}
 J - 4 scrolls of enchant armour
 M - a scroll of torment {!r}
 U - a scroll of amnesia
Potions
 c - 9 potions of curing {@q1}
 e - 3 potions of lignification {!q}
 f - a potion of invisibility {unknown}
 o - 3 potions of mutation {unknown}
 q - 5 potions of flight
 w - 4 potions of might
 A - 4 potions of attraction {!q}
 B - 3 potions of ambrosia
 E - 4 potions of heal wounds {@q2}
 F - 4 potions of haste {@q3}
 G - a potion of cancellation {unknown}
 L - 2 potions of brilliance {unknown}


   Skills:
 + Level 11.9(16.9) Fighting
 - Level 11.0(16.0) Maces & Flails
 - Level 3.0(8.0) Ranged Weapons
 + Level 13.3(18.3) Armour
 + Level 1.4(6.4) Dodging
 - Level 1.1(6.1) Stealth
 + Level 0.0(5.0) Shields
 + Level 7.8 Invocations


You had 11 spell levels left.
You didn't know any spells.
Your spell library contained the following spells:

 Spells                   Type           Power      Damage    Failure   Level
 Necrotise                Necr           0%         1d4       38%         1
 Static Discharge         Conj/Air       0%         2-2/arc   52%         2
 Stone Arrow              Conj/Erth      0%         3d7       77%         3
 Vampiric Draining        Necr           0%         2d6       77%         3
 Airstrike                Air            0%         2d(0-16)  99%         4
 Agony                    Necr           0%         N/A       100%        5
 Lehudib's Crystal Spear  Conj/Erth      0%         10d2      100%        8
 Animate Armour           Summ/Erth      Unusable   N/A       N/A         4
 Summon Lightning Spire   Summ/Air       Unusable   N/A       N/A         4

Dungeon Overview and Level Annotations

Branches:
Dungeon (12/15)            Temple (1/1) D:5            Lair (4/5) D:10
 Shoals (0/4) Lair:3       Spider (0/4) Lair:2          Orc (0/2) D:12
Ossuary (visited)
  Slime: Lair:4-5

Altars:
Ashenzari
Cheibriados
Dithmenos
Elyvilon
Fedhas
Gozag
Hepliaklqana
Kikubaaqudgha
Makhleb
Nemelex Xobeh
Okawaru
Qazlal
Ru
Sif Muna
Trog
Uskayaw
Vehumet
Wu Jian
Xom
Yredelemnul
Zin
The Shining One

Shops:
D:7 *   D:11 :

Annotations:
Temple 2 transporters


Innate Abilities, Weirdness & Mutations

You are completely covered in rugged brown scales. (AC +3, +7% HP)
Armour fits poorly on your strangely shaped body.
You have a long armoured tail.
You roll when moving toward enemies. (Rampage)
Your long tongue fully drains potion bottles. (2x potion effects)
Your tongue gives you trouble enunciating. (1.5x scroll delay)


Message History

The skyshark tastes blood and grows stronger!
The skyshark tail-slaps you but does no damage. x2
You puncture the komodo dragon!
The komodo dragon is moderately wounded.
The komodo dragon barely misses you.
The skyshark bites you but does no damage.
The skyshark closely misses you. The skyshark tail-slaps you.
You sock the komodo dragon!
The komodo dragon is heavily wounded.
You closely miss the komodo dragon.
The komodo dragon is heavily wounded.
The komodo dragon bites you!! The skyshark closely misses you.
The skyshark tail-slaps you but does no damage.
The skyshark completely misses you.
You sock the komodo dragon!
You tail-slap the komodo dragon, but do no damage.
The komodo dragon is severely wounded.
The komodo dragon barely misses you. The skyshark bites you!
The skyshark enters a blood-rage!
The skyshark tail-slaps you but does no damage.
The skyshark tail-slaps you!
You gain the combat prowess of a mighty hero.
The skyshark barely misses you. The skyshark tail-slaps you.
The skyshark tail-slaps you but does no damage.
The komodo dragon bites you!
You bludgeon the skyshark!!
The skyshark is moderately wounded.
The skyshark bites you but does no damage.
The skyshark tail-slaps you but does no damage. x2
You hit the skyshark.
Your tail-slap misses the skyshark.
The skyshark is moderately wounded.
The skyshark bites you! The skyshark tail-slaps you.
The skyshark tail-slaps you!
* * * LOW HITPOINT WARNING * * *
The komodo dragon bites you!!
* * * LOW HITPOINT WARNING * * *
You sock the skyshark!
The skyshark is moderately wounded.
The skyshark bites you!!
You die...

#... . .... ##. .
#.... #.#### .#
.....##.P#.###...
.......P.<.......
.................
.................
......l@.<......#
......l##.#.#....
P#?.$.. ### .. #
#....# ... #....
..# ...... .#
#P... # #....


You could see a skyshark (berserk) and a komodo dragon.

Vanquished Creatures
  The ghost of Raspi the Warrior, a journeyman MiRe of the Shining One (D:10)
  A hydra (Lair:2)
  2 two-headed ogres
  9 death yaks
  A wolf spider (Lair:2)
  An ugly thing (D:12)
  A manticore (Lair:3)
  2 cyclopes
  2 black mambas
  Maurice (D:9)
  A torpor snail (Lair:1)
  2 kobold demonologists
  2 cane toads
  An unseen horror (D:12)
  3 komodo dragons
  A polar bear (Lair:1)
  Prince Ribbit (D:8)
  3 trolls
  A wind drake (Lair:3)
  A hornet (D:11)
  5 wyverns
  25 yaks
  A basilisk (Lair:2)
  4 vampire mosquitoes
  3 steam dragons
  Edmund (D:4)
  2 acid dragons (D:12)
  4 water moccasins
  2 ice beasts
  A swamp drake (D:12)
  6 orc warriors
  A sky beast (D:6)
  15 wolves
  3 centaurs
  A phantom (D:6)
  4 kobold brigands
  7 bullfrogs
  5 scorpions
  2 gnoll sergeants
  4 wights (D:6)
  11 killer bees
  An electric eel (Lair:3)
  3 howler monkeys (D:9)
  A centaur zombie (Ossuary)
  2 gnoll boudas (D:6)
  12 orc priests
  4 hounds
  5 jellies
  Jessica (D:3)
  3 iguanas
  An iron imp (D:7)
  7 orc wizards
  5 mummies (Ossuary)
  6 adders
  14 gnolls
  A white imp (D:5)
  2 ufetubi (D:5)
  A dart slug (D:2)
  49 orcs
  3 ball pythons
  5 endoplasms
  6 giant cockroaches
  12 goblins
  11 hobgoblins
  3 jackals
  28 kobolds
  4 quokkas
  2 bats
  4 frilled lizards
  4 gnoll zombies (Ossuary)
  2 goblin zombies
  2 orc zombies (Ossuary)
  3 rats
  A rat zombie (D:7)
352 creatures vanquished.

Vanquished Creatures (others)
  An orc (D:10)
  A kobold (D:10)
  5 fungi (Lair:2)
  4 plants (Lair:2)
11 creatures vanquished.

Grand Total: 363 creatures vanquished

Notes
Turn   | Place    | Note
-------+----------+-------------------------------------------
     0 | D:1      | sanka the Armataur Hunter began the quest for the Orb.
     0 | D:1      | Reached XP level 1. HP: 18/18 MP: 1/1
   114 | D:1      | Reached XP level 2. HP: 26/26 MP: 2/2
   238 | D:1      | Found a faded altar of an unknown god.
   776 | D:2      | Reached XP level 3. HP: 28/33 MP: 3/3
  1155 | D:2      | Found a shadowy altar of Dithmenos.
  1193 | D:2      | Reached XP level 4. HP: 42/42 MP: 4/4
  1430 | D:3      | Identified the +1 leather armour of the Game of Kings
                  | {*Corrode rF++ Slay+3}
  1720 | D:3      | Reached XP level 5. HP: 50/50 MP: 5/5
  1727 | D:2      | Reached skill level 5 in Fighting
  2171 | D:3      | Noticed Jessica
  2177 | D:3      | Killed Jessica
  2178 | D:3      | Reached XP level 6. HP: 54/60 MP: 6/6
  2357 | D:4      | Identified the +4 mace of Uskayaw, Kissing {flame, Str+5}
  2447 | D:4      | Noticed an ice beast
  2481 | D:4      | Killed an ice beast
  2609 | D:4      | Noticed Edmund
  3113 | D:4      | Reached XP level 7. HP: 67/67 MP: 7/7
  3405 | D:5      | Entered Level 5 of the Dungeon
  3711 | D:5      | Found a staircase to the Ecumenical Temple.
  3735 | Temple   | Entered the Ecumenical Temple
  3735 | Temple   | Found a transporter.
  3735 | Temple   | Found a transporter.
  3737 | Temple   | Found a transporter.
  3737 | Temple   | Found a transporter.
  3758 | Temple   | Became a worshipper of Warmaster Okawaru
  3841 | D:5      | Reached skill level 5 in Maces & Flails
  4537 | D:6      | Reached * piety under Okawaru
  4538 | D:6      | Reached XP level 8. HP: 52/74 MP: 8/8
  4654 | D:6      | Found an ancient bone altar of Kikubaaqudgha.
  4677 | D:6      | Reached skill level 1 in Invocations
  4980 | D:6      | Found a bloodstained altar of Trog.
  5646 | D:7      | Found Ytaegh's Specific Store.
  5683 | D:7      | Found a radiant altar of Vehumet.
  5711 | D:7      | Found Siseukhuh's General Store.
  5724 | D:7      | Bought a potion of ambrosia for 88 gold pieces
  5724 | D:7      | Bought a potion of might for 44 gold pieces
  5724 | D:7      | Bought 3 curare-tipped darts for 39 gold pieces
  5831 | D:7      | Reached XP level 9. HP: 36/80 MP: 11/11
  5867 | D:7      | Found a glowing golden altar of the Shining One.
  5899 | D:7      | Found a sparkling altar of Nemelex Xobeh.
  5970 | D:7      | Found a sand-covered staircase.
  5986 | Ossuary  | Entered an ossuary
  6031 | Ossuary  | Reached ** piety under Okawaru
  6464 | D:7      | Found a snail-covered altar of Cheibriados.
  6556 | D:7      | Found a glowing silver altar of Zin.
  6757 | D:4      | Killed Edmund
  6861 | D:8      | Reached skill level 1 in Armour
  6868 | D:8      | Noticed a two-headed ogre
  6877 | D:8      | Killed a two-headed ogre
  6878 | D:8      | Reached skill level 3 in Armour
  6878 | D:8      | Reached skill level 5 in Invocations
  6937 | D:7      | Reached skill level 4 in Armour
  6957 | D:7      | Reached *** piety under Okawaru
  6958 | D:7      | Reached XP level 10. HP: 60/92 MP: 13/13
  7013 | D:8      | Reached skill level 5 in Armour
  7239 | D:8      | Noticed Prince Ribbit
  7245 | D:8      | Killed Prince Ribbit
  7604 | D:7      | Bought a scroll of enchant armour for 82 gold pieces
  7786 | D:9      | Reached skill level 6 in Armour
  7795 | D:9      | Reached skill level 10 in Maces & Flails
  7856 | D:9      | Noticed Maurice
  7865 | D:9      | Killed Maurice
  7865 | D:9      | Reached **** piety under Okawaru
  8240 | D:9      | Found a blossoming altar of Fedhas.
  8378 | D:10     | Entered Level 10 of the Dungeon
  8383 | D:10     | Noticed a death yak
  8388 | D:10     | Noticed a death yak
  8448 | D:10     | Noticed a death yak
  8490 | D:10     | Found a staircase to the Lair.
  8545 | D:9      | Killed a death yak
  8546 | D:9      | Reached skill level 7 in Armour
  8703 | D:9      | Killed a death yak
  8708 | D:9      | Killed a death yak
  8708 | D:9      | Reached ***** piety under Okawaru
  8709 | D:9      | Reached XP level 11. HP: 101/101 MP: 12/14
  8772 | D:10     | Reached skill level 8 in Armour
  8813 | D:10     | Identified the +8 arbalest "Lakus" {heavy, rN++ Str+9
                  | Dex-3}
  8924 | D:10     | Found a burning altar of Makhleb.
  9061 | D:10     | Found a hazy altar of Hepliaklqana.
  9217 | D:10     | Found a runed translucent door.
  9218 | D:10     | Noticed Raspi's ghost (journeyman MiRe)
  9221 | D:10     | Found a shimmering blue altar of Sif Muna.
  9252 | D:10     | Found the +1 robe of Vines {NoPotionHeal Regen++++}
  9548 | D:10     | Killed Raspi's ghost
  9707 | D:10     | Reached skill level 9 in Armour
  9799 | D:11     | Received a gift from Okawaru
  9921 | D:11     | Found Epleb's Book Shop.
 10075 | D:11     | Reached skill level 10 in Armour
 10224 | D:11     | Noticed a two-headed ogre
 10230 | D:11     | Killed a two-headed ogre
 10231 | D:11     | Reached skill level 10 in Fighting
 10545 | D:12     | Found a staircase to the Orcish Mines.
 10570 | D:12     | Noticed a cyan ugly thing
 10584 | D:12     | Killed a cyan ugly thing
 10592 | D:12     | Reached skill level 11 in Armour
 10987 | D:12     | Reached XP level 12. HP: 84/115 MP: 15/15
 11086 | Lair:1   | Entered Level 1 of the Lair of Beasts
 11701 | Lair:1   | Identified the +0 chain mail "Doepn" {rPois Str+2 Int+3
                  | Dex+3}
 12180 | Lair:2   | Found a hole to the Spider Nest.
 12231 | Lair:2   | Reached skill level 12 in Armour
 12241 | Lair:2   | Noticed an eight-headed hydra
 12251 | Lair:2   | Killed an eight-headed hydra
 12345 | Lair:2   | Noticed a death yak
 12413 | Lair:2   | Killed a death yak
 12526 | Lair:2   | Noticed a death yak
 12526 | Lair:2   | Noticed a death yak
 12564 | Lair:2   | Killed a death yak
 12574 | Lair:2   | Noticed a death yak
 12577 | Lair:2   | Noticed a death yak
 12577 | Lair:2   | Noticed a death yak
 12628 | Lair:1   | Killed a death yak
 13141 | Lair:2   | Killed a death yak
 13149 | Lair:2   | Killed a death yak
 13156 | Lair:2   | Killed a death yak
 13157 | Lair:2   | Reached skill level 13 in Armour
 13426 | Lair:2   | Found a hole to the Spider Nest.
 14067 | Lair:3   | Found a staircase to the Shoals.
 14577 | Lair:4   | Slain by a skyshark

Illustrated notes

Levels and vault maps discovered:
D:1:      saegor_arrival_under_anarchy, layout_basic,
          ebering_ecumenical_altar_box, minmay_pentomino_o2
D:2:      minmay_alternating_diamond, layout_rooms, basic_altar
D:3:      cheibrodos_pilgrimage, layout_basic, solitary_fountain, uniq_jessica
D:4:      layout_loops_ring, uniq_edmund
D:5:      layout_layer_cave, minmay_temple_entry_glass
D:6:      layout_loops_ring, mainiacjoe_overflow_paths,
          mainiacjoe_overflow_24_doors, kennysheep_generic_room_4
D:7:      layout_rooms, chei_slow_surprise, tso_oasis_becter, zin_treasury,
          vehumet_crystals, nemelex_diamond_rough_becter, enter_ossuary_4,
          grunt_decor_arrowhead, nicolae_specific_store
D:8:      layout_basic, uniq_prince_ribbit1
D:9:      layout_small_grid, mainiacjoe_overflow_tiny_flanked, uniq_maurice
D:10:     layout_rooms, led_sif_book, nzn_hepliaklqana_mist_gate,
          mainiacjoe_overflow_cross_hatched, dpeg_lair_monsters,
          ebering_ghost_reflecting_pool
D:11:     layout_cave_pools, serial_shops, nicolae_shop_advertising_works
          [nicolae_subvault_shop_adworks], eino_jars
D:12:     layout_layer_cave, erik_orc_1, hex_tiny
Temple:   hellmonk_temple_divided_pantheon
Lair:1:   layout_cave_pods, infiniplex_staircase_pool
Lair:2:   layout_regular_city, spider_nest_entry_rubble
Lair:3:   layout_chaotic_city, minmay_shoals_entry_beasts,
          nicolae_quartered_pool_super, grunt_megastairs_1
Lair:4:   layout_regular_city

Skill      XL: |  1  2  3  4  5  6  7  8  9 10 11 12 |
---------------+-------------------------------------+-----
Ranged Weapons | 3 |  3.0
Fighting       | 2 3 4 5 6 7 8 10 11 | 11.9
Maces & Flails | 3 6 8 9 10 11 | 11.0
Invocations    | 3 5 7 |  7.8
Armour         | 4 7 11 13 | 13.3
Dodging        | |  1.4
Stealth        | |  1.1

Action                     |  1- 3 |  4- 6 |  7- 9 | 10-12 || total
---------------------------+-------+-------+-------+-------++-------
  Melee: Dagger            |     9 |    18 |     2 |       ||    29
         Tailslap          |       |     5 |    32 |    95 ||   132
         Mace              |       |    15 |    81 |       ||    96
         Punch             |       |     1 |     3 |       ||     4
         Eveningstar       |       |       |    71 |       ||    71
         Dire flail        |       |       |    37 |   681 ||   718
   Fire: Shortbow          |   113 |    87 |    57 |       ||   257
         Arbalest          |       |       |       |     5 ||     5
  Throw: Dart              |       |       |     3 |     6 ||     9
 Invoke: Heroism           |       |       |     5 |    19 ||    24
  Evoke: Wand              |       |       |       |     1 ||     1
    Use: Scroll            |       |       |     9 |     9 ||    18
         Potion            |       |       |       |     1 ||     1
   Stab: Sleeping          |       |       |     3 |     2 ||     5
         Confused          |       |       |       |     3 ||     3
         Distracted        |       |       |       |     1 ||     1
 Armour: Leather armour    |    23 |    20 |    59 |    78 ||   180
         Steam dragon scal |       |       |       |   335 ||   335
  Dodge: Dodged            |    29 |    24 |    84 |   376 ||   513
